 Dungeon Crawl Stone Soup version 0.21-a0-94-gdd6ab6a (webtiles) character file.

156 grindst0ne the Chucker (level 5, 0/57 HPs)
             Began as an Ogre Hunter on July 3, 2017.
             Was an Initiate of Ashenzari.
             Killed from afar by an orc wizard (7 damage)
             ... with a magic dart
             ... on level 2 of the Dungeon.
             The game lasted 00:12:40 (5305 turns).

grindst0ne the Chucker (Ogre Hunter)                Turns: 5305, Time: 00:12:41

Health: 0/57       AC:  3    Str: 17    XL:     5   Next: 37%
Magic:  5/5        EV: 15    Int: 12    God:    Ashenzari [......]
Gold:   82         SH:  0    Dex: 14    Spells: 4/4 levels left

rFire    . . .     SeeInvis .   h - +0 club
rCold    . . .     Gourm    .   (no shield)
rNeg     + . .     Faith    .   b - +0 robe
rPois    .         Spirit   .   (helmet restricted)
rElec    .         Reflect  .   (no cloak)
rCorr    .         Harm     .   (gloves unavailable)
MR       +....                  (boots unavailable)
Stlth    +++.......             (no amulet)
HPRegen  0.19/turn              o - ring of positive energy
MPRegen  0.09/turn              p - ring of protection from magic

@: agile
A: unfitting armour, tough skin 1
a: Curse Item, Renounce Religion


You were on level 2 of the Dungeon.
You worshipped Ashenzari.
Ashenzari was noncommittal.
You were not hungry.

You visited 1 branch of the dungeon, and saw 3 of its levels.

You collected 82 gold pieces.

Inventory:

Hand Weapons
 a - a +0 short sword
 h - a +0 club (weapon)
Missiles
 d - a throwing net (quivered)
 q - 5 stones
Armour
 b - a +0 robe (worn)
Jewellery
 o - a ring of positive energy (left hand)
 p - a ring of protection from magic (right hand)
Scrolls
 g - 2 scrolls of random uselessness
 l - a scroll of enchant weapon {unknown}
 m - a scroll of remove curse
Potions
 s - a potion of magic
Comestibles
 f - 3 bread rations
 i - a chunk of flesh
 j - a meat ration


   Skills:
 + Level 5.2 Fighting
 + Level 5.4 Throwing
 - Level 1.7 Dodging
 - Level 0.6 Stealth


You had 4 spell levels left.
You didn't know any spells.

Dungeon Overview and Level Annotations

Branches:
Dungeon (3/15)

Altars:
Ashenzari
Kikubaaqudgha
Sif Muna
Zin
The Shining One


Innate Abilities, Weirdness & Mutations

You are too large for most types of armour.
You have tough skin. (AC +1)


Message History

* * * LOW HITPOINT WARNING * * *
The quokka barely misses you.
You barely miss the quokka. The quokka bites you.
* * * LOW HITPOINT WARNING * * *
Something hits you but does no damage.
You hear some strange, mumbled words.
A magic dart appears from out of thin air!
The magic dart hits you!
The quokka bites you but does no damage.
Okay, then.
You aren't carrying any items that you can evoke.
Unknown command.
The quokka misses you.
You hit the quokka but do no damage. The quokka closely misses you.
Something hits you.
* * * LOW HITPOINT WARNING * * *
The quokka misses you.
A magic dart appears from out of thin air!
The magic dart hits you!
You die...

#........# ####...(.#
#.....# #.....#
#####.....#
#.........#
#.........#
#.........#
#.....@...#
###########......####
..........(.)...r>#
.######.###.....(##
.## #.# #...((.# ..#
#.# #.###### #.# #.#
#.# #(## #.# #.# #..#
#.# #.#


You could see a quokka.

Vanquished Creatures
  4 gnolls
  5 adders
  2 worms
  An orc (D:3)
  8 bats
  4 giant cockroaches
  10 goblins
  7 hobgoblins
  2 jackals (D:1)
  2 quokkas (D:2)
  2 ball pythons
  3 frilled lizards
  8 kobolds
  13 rats
71 creatures vanquished.

Notes
Turn   | Place    | Note
-------+----------+-------------------------------------------
     0 | D:1      | grindst0ne the Ogre Hunter began the quest for the Orb.
     0 | D:1      | Reached XP level 1. HP: 22/22 MP: 1/1
   554 | D:1      | Reached XP level 2. HP: 31/31 MP: 2/2
  1198 | D:1      | Reached XP level 3. HP: 24/37 MP: 3/3
  1827 | D:2      | HP: 1/39 [worm (3)]
  2875 | D:1      | Reached XP level 4. HP: 24/48 MP: 4/4
  3042 | D:2      | Reached skill level 5 in Throwing
  4074 | D:2      | Reached XP level 5. HP: 38/55 MP: 5/5
  4211 | D:2      | Found a glowing silver altar of Zin.
  4259 | D:3      | Found a deep blue altar of Sif Muna.
  4260 | D:3      | Found an ancient bone altar of Kikubaaqudgha.
  4260 | D:3      | Found a shattered altar of Ashenzari.
  4312 | D:2      | Reached skill level 5 in Fighting
  4649 | D:3      | Found a glowing golden altar of the Shining One.
  4773 | D:3      | Became a worshipper of Ashenzari the Shackled
  5305 | D:2      | Killed from afar by an orc wizard

Vault maps used:
D:1:      elethiomel_arrival_infinity_welcomes_careful_drivers,
          dk_noncrumbling_2, minmay_pentomino_p4
D:2:      zin_treasury
D:3:      chequers_temple_overflow_statue_of_worship,
          chequers_ecumenical_altar_simple_redux, solitary_fountain,
          uniq_terence

Skill      XL: |  1  2  3  4  5 |
---------------+----------------+-----
Fighting       | 3 4 5 |  5.2
Throwing       | 5 |  5.4
Dodging        | |  1.7
Stealth        | |  0.6

Action                   |  1- 3 |  4- 6 || total
-------------------------+-------+-------++-------
Melee: Club              |   199 |   153 ||   352
       Short sword       |     4 |       ||     4
Throw: Large rock        |     5 |    19 ||    24
       Throwing net      |       |     3 ||     3
  Use: Scroll            |     2 |     8 ||    10
       Potion            |       |     6 ||     6
 Stab: Distracted        |     1 |       ||     1
       Sleeping          |     1 |     1 ||     2
  Eat: Chunk             |     6 |     8 ||    14
Armor: Robe              |    92 |    61 ||   153
Dodge: Dodged            |   173 |   151 ||   324
